 Dungeon Crawl Stone Soup version 0.27-a0-909-g0721f309d1 (webtiles) character file.

Game seed: 12485527532305068831

2646 kae the Grappler (level 9, -2/71 HPs)
             Began as a Demonspawn Gladiator on Apr 8, 2021.
             Was a Follower of Wu Jian.
             Shot with an arrow by a centaur warrior (17 damage)
             ... on level 8 of the Dungeon.
             The game lasted 00:04:02 (8164 turns).

kae the Grappler (Demonspawn Gladiator)             Turns: 8164, Time: 00:04:02

Health: -2/71      AC: 12    Str: 18    XL:     9   Next: 35%
Magic:  9/9        EV:  9    Int:  9    God:    Wu Jian [*.....]
Gold:   357        SH:  0    Dex: 17    Spells: 8/8 levels left

rFire    . . .     SeeInvis .     - Unarmed
rCold    . . .     Faith    .   (no shield)
rNeg     . . .     Spirit   .   m - +0 chain mail
rPois    .         Reflect  .   b - +0 helmet
rElec    .         Harm     .   (no cloak)
rCorr    .         Rampage  .   (no gloves)
Will     .....                  e - +2 pair of boots {Fly}
Stlth    ..........             (no amulet)
HPRegen  0.21/turn              (no ring)
MPRegen  0.22/turn              (no ring)

@: flying
A: talons 1, thin skeletal structure 1, spiny 2, magic regeneration
a: Renounce Religion


You were on level 8 of the Dungeon.
You worshipped Wu Jian.
Wu Jian was aware of your devotion.
You visited 2 branches of the dungeon, and saw 9 of its levels.

You collected 357 gold pieces.

Inventory:

Missiles
 c - 3 throwing nets (quivered)
Armour
 a - a +0 leather armour
 b - a +0 helmet (worn)
 e - a +2 pair of boots of flying (worn)
 m - a +0 chain mail (worn)
Jewellery
 u - an amulet of faith
Wands
 o - a wand of random effects (22)
 t - a wand of acid (11)
Scrolls
 f - 3 scrolls of blinking
 k - a scroll of teleportation
 r - a scroll of fog
 s - a scroll of enchant armour
 w - a scroll of identify
Potions
 d - 4 potions of curing
 g - 3 potions of lignification
 h - a potion of ambrosia
 i - a potion of might
 j - 3 potions of magic {unknown}
 l - 2 potions of flight {unknown}
 n - a potion of haste {unknown}
 p - 2 potions of mutation {unknown}
 q - 2 potions of degeneration {unknown}
 v - 2 potions of heal wounds {unknown}


   Skills:
 + Level 6.7 Fighting
 - Level 1.7 Throwing
 + Level 6.4 Dodging
 * Level 8.8 Unarmed Combat


You had 8 spell levels left.
You didn't know any spells.
Your spell library contained the following spells:

 Spells                   Type           Power      Damage    Failure   Level
 Animate Skeleton         Necr           0%         N/A       100%        1
 Apportation              Tloc           0%         N/A       100%        1
 Corona                   Hex            0%         N/A       100%        1
 Magic Dart               Conj           0%         1d3       100%        1
 Summon Small Mammal      Summ           0%         N/A       100%        1
 Blink                    Tloc           N/A        N/A       100%        2
 Call Imp                 Summ           0%         N/A       100%        2
 Slow                     Hex            0%         N/A       100%        2
 Conjure Flame            Conj/Fire      0%         6-21      100%        3
 Mephitic Cloud           Conj/Pois/Air  0%         N/A       100%        3


Dungeon Overview and Level Annotations

Branches:
Dungeon (8/15)             Temple (1/1) D:4
   Lair: D:8-11

Altars:
Ashenzari
Cheibriados
Dithmenos
Elyvilon
Gozag
Hepliaklqana
Makhleb
Nemelex Xobeh
Qazlal
Sif Muna
Uskayaw
Wu Jian
Xom
Yredelemnul
Zin
The Shining One

Shops:
D:7 [

Annotations:
D:3 exclusion: upstairs


Innate Abilities, Weirdness & Mutations

You have sharp toenails.
You have a somewhat thin skeletal structure. (Dex +2, Stealth)
You are mostly covered in sharp spines.
You regenerate magic rapidly.


Message History

The wyvern zombie barely misses you.
You punch the wyvern zombie!
The wyvern zombie is severely damaged.
The wyvern zombie barely misses you.
You punch the wyvern zombie!
The wyvern zombie is almost destroyed.
The wyvern zombie is struck by your spines.
You destroy the wyvern zombie!
The Council accepts your kill.
No target in view!
No target in view!
No target in view!
HP restored.
Things that are here:
a +0 dagger; a +0 robe; an orc corpse You now have 357 gold pieces (gained 13).
Found a tin of tremorstones (2/2).
A centaur warrior comes into view.
The centaur warrior shouts!
A centaur warrior is nearby!
A centaur warrior is nearby!
A centaur warrior is nearby!
The centaur warrior wields a +0 longbow.
The centaur warrior shoots an arrow.
The arrow hits you!
The centaur warrior shoots an arrow.
The arrow hits you.
The centaur warrior shoots an arrow.
The arrow hits you!!
The centaur warrior shoots an arrow.
The arrow hits you!
* * * LOW HITPOINT WARNING * * *
You are too injured to fight recklessly!
You are too injured to fight recklessly!
You are too injured to fight recklessly!
You are too injured to fight recklessly!
You are too injured to fight recklessly!
You feel better.
A manticore comes into view.
The centaur warrior shoots an arrow.
The arrow hits you!!
* * * LOW HITPOINT WARNING * * *
Okay, then.
You feel better.
The centaur warrior shoots an arrow.
The arrow hits you!
You die...

# #......# # ####
#.....<# #
#.........###.......
# #..###.###..
.###.##
###..##..#..##. ##H
....##..#.#..## #}
#..##..#...#..###c
##.#..#..#..#..#.#
##.#.#..#.#..#.#@#
#...#..#.[.#..#..#
#..#)#..#.#..#.#.#
#..#..#..#..#..#.#
...##..#...#..###.
##..##..#.#..## #.
##. ##..#..## #. #.
###.### ## . #..##


You could see a centaur warrior and a manticore.

Vanquished Creatures
  Sigmund (D:3)
  A vampire (D:7)
  A steam dragon (D:7)
  A black bear (D:7)
  A sky beast (D:6)
  A necrophage (D:5)
  An ice beast (D:5)
  2 ogres
  A centaur (D:7)
  A kobold brigand (D:4)
  2 phantoms
  2 bullfrogs (D:7)
  A gnoll sergeant (D:7)
  A water moccasin zombie (D:6)
  A wyvern zombie (D:8)
  3 scorpions (D:6)
  A water moccasin skeleton (D:5)
  2 bullfrog zombies
  A centaur zombie (D:6)
  A jelly (D:7)
  3 orc priests
  A centaur skeleton (D:6)
  3 hounds
  A bullfrog skeleton (D:4)
  3 iguanas
  4 orc wizards
  2 howler monkey zombies (D:8)
  12 gnolls
  6 adders
  A white imp (D:6)
  An ufetubus (D:4)
  3 adder skeletons
  3 worms
  4 dart slugs
  13 orcs
  3 bats
  6 endoplasms
  7 hobgoblins
  6 jackals
  7 kobolds
  9 quokkas
  7 ball pythons
  4 frilled lizards
  7 goblins
  4 rats
146 creatures vanquished.

Notes
Turn   | Place    | Note
-------+----------+-------------------------------------------
     0 | D:1      | kae the Demonspawn Gladiator began the quest for the Orb.
     0 | D:1      | Reached XP level 1. HP: 16/16 MP: 1/1
   202 | D:1      | Reached skill level 3 in Unarmed Combat
   202 | D:1      | Gained mutation: You are partially covered in sharp spines.
                  | [demonic ancestry]
   202 | D:1      | Reached XP level 2. HP: 9/22 MP: 2/2
  1009 | D:1      | Found a faded altar of an unknown god.
  1018 | D:1      | Gained mutation: You are mostly covered in sharp spines.
                  | [demonic ancestry]
  1018 | D:1      | Reached XP level 3. HP: 26/28 MP: 3/3
  1197 | D:2      | Found a shimmering altar of Xom.
  1659 | D:2      | Reached XP level 4. HP: 31/34 MP: 4/4
  2155 | D:3      | Noticed Sigmund
  2270 | D:3      | Identified a scroll of acquirement
  2270 | D:3      | Acquired a +1 pair of boots of flying
  2328 | D:3      | Found a sparkling altar of Nemelex Xobeh.
  2627 | D:3      | Killed Sigmund
  2628 | D:3      | Reached skill level 4 in Unarmed Combat
  2628 | D:3      | Gained mutation: You have sharp toenails. [demonic
                  | ancestry]
  2628 | D:3      | Reached XP level 5. HP: 28/41 MP: 5/5
  3137 | D:3      | Reached XP level 6. HP: 35/47 MP: 6/6
  3449 | D:4      | Reached skill level 5 in Unarmed Combat
  3567 | D:4      | Found a hide-covered altar of Uskayaw.
  3568 | D:4      | Found a hazy altar of Hepliaklqana.
  3648 | D:4      | Found a staircase to the Ecumenical Temple.
  3667 | Temple   | Entered the Ecumenical Temple
  3769 | Temple   | Became a worshipper of the Wu Jian Council
  4239 | D:5      | Entered Level 5 of the Dungeon
  4256 | D:4      | Gained mutation: You have a somewhat thin skeletal
                  | structure. (Dex +2, Stealth) [demonic ancestry]
  4256 | D:4      | Reached XP level 7. HP: 27/54 MP: 7/7
  4693 | D:5      | Reached skill level 6 in Unarmed Combat
  5069 | D:5      | Reached skill level 5 in Fighting
  5069 | D:5      | Reached skill level 5 in Dodging
  5069 | D:5      | Gained mutation: You regenerate magic rapidly. [demonic
                  | ancestry]
  5069 | D:5      | Reached XP level 8. HP: 62/62 MP: 8/8
  5417 | D:6      | Reached skill level 7 in Unarmed Combat
  5505 | D:6      | Reached * piety under Wu Jian
  6646 | D:7      | Found Difigunadgh's Armour Shop.
  6654 | D:7      | Reached skill level 8 in Unarmed Combat
  6877 | D:7      | Reached XP level 9. HP: 54/69 MP: 9/9
  8159 | D:8      | Noticed a centaur warrior
  8163 | D:8      | Noticed a manticore
  8164 | D:8      | Shot with an arrow by a centaur warrior

Illustrated notes

Levels and vault maps discovered:
D:1:      ncdulo_watergridlock, layout_basic, ebering_ecumenical_altar_webs
D:2:      minmay_chambers_of_ones, layout_rooms, basic_altar
D:3:      layout_basic, general_overflow_altar, uniq_sigmund
D:4:      layout_gridville, jmf_multi_god_temple,
          minmay_temple_entry_stoned_glass
D:5:      layout_cave_pools
D:6:      wad_pebble_path, layout_loops_ring, serial_bayou_lagoon_a
D:7:      layout_basic, serial_shops, nicolae_shop_statue_plus
D:8:      minmay_the_grid_octo_2x2 [minmay_the_grid_octo_thin_diamonds,
          minmay_the_grid_octo_77, minmay_the_grid_octo_clover_2,
          minmay_the_grid_octo_prize_single_spiral], layout_rooms,
          nicolae_overflow_crystal_walls, uniq_harold
Temple:   dshaligram_water_room_temple

Skill      XL: |  1  2  3  4  5  6  7  8 |
---------------+-------------------------+-----
Unarmed Combat | 3 4 5 6 8 |  8.8
Dodging        | 3 4 5 6 |  6.4
Fighting       | 3 4 5 6 |  6.7
Throwing       | |  1.7

Action                   |  1- 3 |  4- 6 |  7- 9 || total
-------------------------+-------+-------+-------++-------
Melee: Unarmed           |   100 |    96 |   202 ||   398
       Punch             |     1 |     6 |    12 ||    19
Invok: Lunge             |       |     1 |    17 ||    18
Evoke: Wand              |       |       |     1 ||     1
  Use: Scroll            |       |    11 |     6 ||    17
       Potion            |       |       |     3 ||     3
Armor: Leather armour    |    21 |     3 |       ||    24
       Chain mail        |       |    37 |    91 ||   128
Dodge: Dodged            |    44 |    34 |    70 ||   148

Table legend: (Time is in decaauts)
 A = Elapsed time spent in this place.
 B = Non-inter-level travel time spent in this place.
 C = Inter-level travel time spent in this place.
 D = Time resting spent in this place.
 E = Time spent auto-exploring this place.
 F = Levels seen in this place.
 G = Mean time per level.
                   A        B        C        D        E       F      G
               +--------+--------+--------+--------+--------+-----+--------+
         Total |   8133 |   7682 |    451 |    661 |   6183 |   9 |  903.7 |
       Dungeon |   8021 |   7594 |    427 |    661 |   6098 |   8 | 1002.6 |
        Temple |    111 |     87 |     24 |      0 |     85 |   1 |  111.0 |
               +--------+--------+--------+--------+--------+-----+--------+

Top non-repeatable levels by time:
     D:6: 1462 daAuts
     D:7: 1384 daAuts
     D:4: 1269 daAuts
     D:1: 1134 daAuts
     D:2: 1071 daAuts
     D:3: 995 daAuts
     D:5: 581 daAuts
     D:8: 122 daAuts
  Temple: 111 daAuts
